 Dungeon Crawl Stone Soup version 0.31-a0-859-g9dce7d3444 (webtiles) character file.

Game seed: 10470863477804686526

49 kae the Chopper (level 3, 0/33 HPs)
             Began as a Hill Orc Fighter on Oct 9, 2023.
             Slain by Terence
             ... wielding a +2 flail of protection
              (2 damage)
             ... on level 2 of the Dungeon.
             The game lasted 00:00:54 (1385 turns).

kae the Chopper (Hill Orc Fighter)                  Turns: 1385, Time: 00:00:55

Health: 0/33       AC:  7    Str: 26    XL:     3   Next: 77%
Magic:  3/3        EV:  9    Int:  8    God:
Gold:   129        SH:  4    Dex: 10    Spells: 2/2 levels left

rFire   . . .        a - +0 war axe
rCold   . . .        c - +0 buckler
rNeg    . . .        b - +0 scale mail
rPois   .            (no helmet)
rElec   .            (no cloak)
rCorr   .            (no gloves)
SInv    .            (no boots)
Will    .....        (no amulet) Stlth
                     S - +6 ring of strength
HPRegen 0.25/turn    (no ring)
MPRegen 0.08/turn

%: no passive effects
@: no status effects
A: no striking features
a: no special abilities


You were on level 2 of the Dungeon.
You visited 1 branch of the dungeon, and saw 2 of its levels.

You collected 129 gold pieces.


   Skills:
 + Level 4.1 Fighting
 * Level 4.2 Axes
 + Level 3.7 Armour
 - Level 3.2 Shields


You had 2 spell levels left.
You didn't know any spells.
Your spell library contained the following spells:

 Spells                   Type           Power      Damage    Failure   Level
 Freeze                   Ice            0%         1d3       75%         1
 Slow                     Hex            0%         N/A       75%         1
 Confusing Touch          Hex            0%         N/A       98%         3
 Frozen Ramparts          Ice            0%         1d1       98%         3
 Hailstorm                Conj/Ice       0%         3d3       98%         3
 Sigil of Binding         Hex            0%         N/A       98%         3
 Vampiric Draining        Necr           0%         2d6       98%         3

Inventory:

Hand Weapons
 a - a +0 war axe (weapon)
Missiles
 e - 20 stones
Armour
 b - a +0 scale mail (worn)
 c - a +0 buckler (worn)
Jewellery
 S - a +6 ring of strength (left hand)
   (You found it on level 1 of the Dungeon)
Scrolls
 g - a scroll of fog {unknown}
 i - a scroll of enchant weapon {unknown}
 j - a scroll of acquirement {unknown}
Potions
 d - a potion of might
 f - 2 potions of heal wounds {unknown}
 h - a potion of degeneration {unknown}

Dungeon Overview and Level Annotations

Branches:
Dungeon (2/15) Zot: 10592

Altars:
Trog

Annotations:
D:2 Terence

..............#
##............#
#............#
#............#
#............##
####..........##
####....##).##
#....###..###
#....# ##@..#
#....# #@S......
#....# #........
#....# ##.......
###### .......
..#...# ####.##
~≈


You could see Terence and a ball python.


Message History

No target in view!
No target in view!
An adder comes into view.
The adder hisses angrily.
You barely miss the adder. You block the adder's attack.
You closely miss the adder. You block the adder's attack.
The adder bites you. 😕 HP[-1]
You take 1 damage, and now have 32/33 hp.
An adder is nearby!
You slash the adder! You block the adder's attack.
The adder bites you but does no damage.
You hit the adder.
You kill the adder! 😎 HP[+1]
Your hp is fully restored (33).
Found a bloodstained altar of Trog.
No target in view!
No target in view!
Found a stone staircase leading down.
No target in view!
No target in view!
Found an escape hatch in the ceiling.
No target in view!
No target in view!
You now have 118 gold pieces (gained 15).
j - a scroll labelled WAMEIBI REPN No target in view!
No target in view!
Found a stone staircase leading up.
You now have 129 gold pieces (gained 11).
Key pressed, stopping explore.
No target in view!
No target in view!
Key pressed, stopping explore.
No target in view!
No target in view!
A kobold comes into view. It is wielding a +0 short sword.
You hit the kobold.
You kill the kobold!
e - 20 stones (gained 3)
You see here a +0 short sword.
Terence the Incautious comes into view.
He is wielding a +2 flail of protection.
Terence shouts!
You aren't carrying any items that you can evoke.
Okay, then.
Terence screams, "I want your blood!"
You closely miss Terence.
Terence hits you with a +2 flail of protection.
Terence barely misses you.
You hit Terence.
Terence hits you with a +2 flail of protection. 😮 HP[-9]
You take 9 damage, and now have 24/33 hp.
MASSIVE DAMAGE!! (PAUSE)
You closely miss Terence. Terence looks scornfully at you.
Terence closely misses you.
Unknown command.
You slash Terence! You block Terence's attack. Terence barely misses you.
You barely miss Terence.
You block Terence's attack. 😕 HP[+1] Unknown command.
You closely miss Terence.
Terence hits you with a +2 flail of protection!
* * * LOW HITPOINT WARNING * * *
😨 HP[-9]
You take 9 damage, and now have 16/33 hp.
MASSIVE DAMAGE!! (PAUSE)
You hit Terence. Terence closely misses you.
A ball python comes into view.
You block Terence's attack.
The ball python moves out of view.
You closely miss Terence.
Terence barely misses you. 😮 HP[+1] Unknown command.
You hit Terence but do no damage.
Terence hits you with a +2 flail of protection.
* * * LOW HITPOINT WARNING * * *
😨 HP[-4]
You take 4 damage, and now have 13/33 hp.
The ball python hisses angrily.
You hit Terence.
Terence hits you with a +2 flail of protection.
* * * LOW HITPOINT WARNING * * *
Terence hits you with a +2 flail of protection.
* * * LOW HITPOINT WARNING * * *
😱 HP[-8]
You take 8 damage, and now have 5/33 hp.
MASSIVE DAMAGE!! (PAUSE)
You hit Terence but do no damage.
You block Terence's attack. 😱 HP[+1] Unknown command.
You completely miss Terence.
Terence hits you with a +2 flail of protection.
* * * LOW HITPOINT WARNING * * *
😱 HP[-4]
You take 4 damage, and now have 2/33 hp.
Unknown command.
You hit Terence but do no damage. Terence barely misses you.
Terence hits you with a +2 flail of protection.
You die...

Skill      XL: |  1  2 |
---------------+-------+-----
Axes           | 3 4 |  4.2
Fighting       | 4 |  4.1
Armour         | |  3.7
Shields        | |  3.2

Action                     || total
---------------------------++-------
  Melee: War axe           ||    63
    Use: Scroll            ||     1
 Armour: Scale mail        ||    40
  Dodge: Dodged            ||    20
  Block: Buckler           ||    16

Levels and vault maps discovered:
D:1:      minmay_arrival_nine_rooms, layout_basic, feat_on_display
D:2:      wad_lake_hut, layout_basic, basic_altar, uniq_terence, uniq_natasha

Notes
Turn   | Place    | Note
-------+----------+-------------------------------------------
     0 | D:1      | kae the Hill Orc Fighter began the quest for the Orb.
     0 | D:1      | Reached XP level 1. HP: 19/19 MP: 1/1
     0 | D:1      | magus.rc [v1.11.3]
    45 | D:1      | Reached skill level 3 in Axes
   393 | D:1      | Reached XP level 2. HP: 23/27 MP: 2/2
   486 | D:1      | You pick up a book of Frost and begin reading...
   486 | D:1      | You add the spells Freeze, Frozen Ramparts and Hailstorm to
                  | your library.
  1120 | D:2      | You pick up a book of Debilitation and begin reading...
  1120 | D:2      | You add the spells Slow, Sigil of Binding, Vampiric
                  | Draining and Confusing Touch to your library.
  1191 | D:2      | Noticed Natasha
  1225 | D:2      | Killed Natasha
  1226 | D:2      | Reached skill level 4 in Fighting
  1226 | D:2      | Reached skill level 4 in Axes
  1226 | D:2      | Reached XP level 3. HP: 23/33 MP: 3/3
  1317 | D:2      | Found a bloodstained altar of Trog.
  1369 | D:2      | Noticed Terence
  1382 | D:2      | HP: 5/33 [Terence/+2 flail of protection (4)]
  1384 | D:2      | HP: 2/33 [Terence/+2 flail of protection (4)]
  1385 | D:2      | Slain by Terence

Vanquished Creatures
  Natasha (D:2)
  An adder (D:2)
  2 ball pythons (D:1)
  An endoplasm (D:1)
  A goblin (D:1)
  2 hobgoblins (D:1)
  3 kobolds
  A bat (D:1)
  3 frilled lizards
  3 rats (D:1)
18 creatures vanquished.

Table legend:
 A = Non-vault XP
 B = Vault XP
 C = Vault XP percentage of total XP
 D = Non-vault monster count
 E = Vault monster count
 F = Vault count percentage of total count
                 A         B        C        D         E       F
            +---------+---------+-------+---------+---------+-------
      Total |      38 |      33 |  46.5 |      17 |       1 |   5.6
            +---------+---------+-------+---------+---------+-------
        D:1 |      18 |       0 |   0.0 |      12 |       0 |   0.0
        D:2 |      20 |      33 |  62.3 |       5 |       1 |  16.7
            +---------+---------+-------+---------+---------+-------

Skill      XL: |  1  2 |
---------------+-------+-----
Axes           | 3 4 |  4.2
Fighting       | 4 |  4.1
Armour         | |  3.7
Shields        | |  3.2

Action                     || total
---------------------------++-------
  Melee: War axe           ||    63
    Use: Scroll            ||     1
 Armour: Scale mail        ||    40
  Dodge: Dodged            ||    20
  Block: Buckler           ||    16

Illustrated notes

Table legend:
 A = Kills in this place as a percentage of kills in the entire game.
 B = Kills by you in this place as a percentage of kills by you in the entire game.
 C = Kills by friends in this place as a percentage of kills by friends in the entire game.
 D = Other kills in this place as a percentage of other kills in the entire game.
 E = Experience gained in this place as a percentage of experience gained in the entire game.
 F = Experience gained in this place divided by the number of levels of this place that you have seen.
                   A       B       C       D       E      F
               +-------+-------+-------+-------+-------+----------------------
         Total | 100.0 | 100.0 |   N/A |   N/A | 100.0 |  35.5
       Dungeon | 100.0 | 100.0 |   N/A |   N/A | 100.0 |  35.5
               +-------+-------+-------+-------+-------+----------------------

Table legend: (Time is in decaauts)
 A = Elapsed time spent in this place.
 B = Non-inter-level travel time spent in this place.
 C = Inter-level travel time spent in this place.
 D = Time resting spent in this place.
 E = Time spent auto-exploring this place.
 F = Levels seen in this place.
 G = Mean time per level.
                   A        B        C        D        E       F      G
               +--------+--------+--------+--------+--------+-----+--------+
         Total |   1406 |   1351 |     55 |      0 |   1170 |   2 |  703.0 |
       Dungeon |   1406 |   1351 |     55 |      0 |   1170 |   2 |  703.0 |
               +--------+--------+--------+--------+--------+-----+--------+

Top non-repeatable levels by time:
     D:1: 1024 daAuts
     D:2: 382 daAuts
